 Dungeon Crawl Stone Soup version 0.28-a0-1117-g0bdd5ba030 (webtiles) character file.

Game seed: 5899737320550973998

14 SensoryNuts the Slasher (level 2, -1/22 HPs)
             Began as a Demonspawn Gladiator on Dec 11, 2021.
             Frozen to death by an endoplasm (2 damage)
             ... on level 2 of the Dungeon.
             The game lasted 00:00:16 (192 turns).

SensoryNuts the Slasher (Demonspawn Gladiator)       Turns: 192, Time: 00:00:17

Health: -1/22      AC:  4    Str: 14    XL:     2   Next: 27%
Magic:  2/2        EV: 12    Int:  9    God:
Gold:   11         SH:  4    Dex: 14    Spells: 1/1 levels left

rFire   . . .      SeeInvis .   a - +0 long sword
rCold   . . .      Faith    .   (no shield)
rNeg    . . .      Spirit   .   b - +0 leather armour
rPois   .          Reflect  .   c - +0 helmet
rElec   .          Harm     .   (no cloak)
rCorr   .          Rampage  .   (no gloves)
Will    .....                   (no boots)
Stlth   +.........              (no amulet)
HPRegen 0.07/turn               (no ring)
MPRegen 0.08/turn               (no ring)

@: no status effects
A: large bone plates 1
a: no special abilities


You were on level 2 of the Dungeon.
You visited 1 branch of the dungeon, and saw 2 of its levels.

You collected 11 gold pieces.

Inventory:

Hand Weapons
 a - a +0 long sword (weapon)
Missiles
 d - 3 throwing nets (quivered)
Armour
 b - a +0 leather armour (worn)
 c - a +0 helmet (worn)
Potions
 e - a potion of magic {unknown}
 f - a potion of might {unknown}


   Skills:
 + Level 2.0 Fighting
 + Level 2.9 Long Blades
 + Level 2.1 Throwing
 + Level 2.9 Dodging


You had one spell level left.
You didn't know any spells.
Your spell library contained the following spells:

 Spells                   Type           Power      Damage    Failure   Level
 Blade Hands              Tmut           0%         N/A       100%        5
 Irradiate                Conj/Tmut      0%         3d13      100%        5
 Dragon Form              Tmut           0%         N/A       100%        7


Dungeon Overview and Level Annotations

Branches:
Dungeon (1/15)

Altars:

Annotations:
D:2 Terence


Innate Abilities, Weirdness & Mutations

You are partially covered in large bone plates. (SH +4)


Message History

Terence is lightly wounded.
Terence barely misses you. x2
You hit Terence.
Terence is moderately wounded.
Terence hits you but does no damage.
You hit Terence but do no damage.
Terence is moderately wounded.
Terence hits you with a +0 short sword.
You barely miss Terence.
Terence is moderately wounded.
Terence hits you with a +0 short sword! Terence misses you.
You barely miss Terence.
Terence is moderately wounded.
The endoplasm closely misses you. Terence hits you but does no damage.
You barely miss Terence.
Terence is moderately wounded.
The endoplasm misses you. Terence closely misses you.
You hit Terence but do no damage.
Terence is moderately wounded.
Terence closely misses you. The endoplasm freezes you.
You are frozen.
You are too injured to fight recklessly!
You are too injured to fight recklessly!
You are too injured to fight recklessly!
You are too injured to fight recklessly!
You are too injured to fight recklessly!
Unknown command.
You hit Terence.
Terence is moderately wounded.
Terence misses you. The endoplasm freezes you.
You are frozen.
The endoplasm misses you. Terence hits you with a +0 short sword!
* * * LOW HITPOINT WARNING * * *
You slash Terence!
Terence is almost dead.
The endoplasm freezes you.
You are frozen.
You die...

...................#
.........####.######
.........# #.#
.........# #.#
..........
#.######## r
#.#......## ...
#.#........
.....#.#.<......
........J@@......
.................
...?.............
.................
...............$.
.........#+###...
.........# ...
........# ..


You could see Terence and an endoplasm.

Vanquished Creatures
  An adder (D:2)
  An endoplasm (D:1)
  A goblin (D:2)
  A quokka (D:1)
  A rat (D:1)
5 creatures vanquished.

Notes
Turn   | Place    | Note
-------+----------+-------------------------------------------
     0 | D:1      | SensoryNuts the Demonspawn Gladiator began the quest for
                  | the Orb.
     0 | D:1      | Reached XP level 1. HP: 16/16 MP: 1/1
   137 | D:1      | You fall into a shaft and drop 1 floor!
   159 | D:2      | Gained mutation: You are partially covered in large bone
                  | plates. (SH +4) [demonic ancestry]
   159 | D:2      | Reached XP level 2. HP: 22/22 MP: 2/2
   181 | D:2      | Noticed Terence
   191 | D:2      | HP: 1/22 [Terence (7)]
   192 | D:2      | Frozen to death by an endoplasm

Illustrated notes

Levels and vault maps discovered:
D:1:      minmay_arrival_hallway, layout_basic, minmay_tromino_v4_a
D:2:      layout_basic, shapermc_ecumenical_altar_pompeii, uniq_terence,
          uniq_natasha

Skill      XL: |  1 |
---------------+----+-----
Throwing       | 2 |  2.1
Fighting       | |  2.0
Long Blades    | |  2.9
Dodging        | |  2.9

Action                   || total
-------------------------++-------
Melee: Long sword        ||    18
 Stab: Sleeping          ||     1
Armor: Leather armour    ||     6
Dodge: Dodged            ||    14

Table legend: (Time is in decaauts)
 A = Elapsed time spent in this place.
 B = Non-inter-level travel time spent in this place.
 C = Inter-level travel time spent in this place.
 D = Time resting spent in this place.
 E = Time spent auto-exploring this place.
 F = Levels seen in this place.
 G = Mean time per level.
                   A        B        C        D        E       F      G
               +--------+--------+--------+--------+--------+-----+--------+
         Total |    196 |    196 |      0 |      0 |    148 |   2 |   98.0 |
       Dungeon |    196 |    196 |      0 |      0 |    148 |   2 |   98.0 |
               +--------+--------+--------+--------+--------+-----+--------+

Top non-repeatable levels by time:
     D:1: 138 daAuts
     D:2: 57 daAuts
